 Dungeon Crawl Stone Soup version 0.17-a0-1421-g95311d7 (webtiles) character file.

168 HEYYEYAAE the Gusty (level 5, -3/37 HPs)
             Began as a Human Air Elementalist on June 24, 2015.
             Slain by an ice beast (6 damage)
             ... on level 3 of the Dungeon.
             The game lasted 00:03:48 (1877 turns).

HEYYEYAAE the Gusty (Human Air Elementalist)        Turns: 1877, Time: 00:03:48

Health: -3/37      AC:  2    Str:  8    XL:     5   Next: 78%
Magic:  0/8        EV: 12    Int: 17    God:
Gold:   155        SH:  0    Dex: 13    Spells: 3 memorised, 3 levels left

rFire  + . .     SeeInvis .     f - +0 dagger
rCold  + . .     Clarity  .     a - +0 robe
rNeg   . . .     SustAt   .     (no shield)
rPois  +         Gourm    .     (no helmet)
rElec  +         Spirit   .     (no cloak)
rCorr  +         Warding  .     (no gloves)
rMut   .         Stasis   .     (no boots)
MR     .....                    (no amulet)
Stlth  ++........               (no ring)
                                (no ring)

@: resistant, not resistant to hostile enchantments, unstealthy
A: no striking features
a: no special abilities


You were on level 3 of the Dungeon.
You were hungry.

You visited 1 branch of the dungeon, and saw 3 of its levels.

You collected 155 gold pieces.

Inventory:

Hand weapons
 f - a +0 dagger (weapon)
 k - a +0 halberd
Armour
 a - a +0 robe (worn)
Scrolls
 e - a scroll of remove curse {unknown}
 g - a scroll of teleportation {unknown}
 i - a scroll of fear {unknown}
 m - 3 scrolls of identify {unknown}
 n - 2 scrolls of immolation {unknown}
 q - a scroll of blinking {unknown}
 r - a scroll of fog {unknown}
 s - a scroll of enchant armour {unknown}
Potions
 l - a potion of agility {unknown}
 p - a potion of brilliance {unknown}
Books
 b - a book of Air

   Spells                             Type                      Level
   a - Shock                          Conjuration/Air              1
   b - Swiftness                      Charms/Air                   2
   c - Repel Missiles                 Charms/Air                   2
   d - Static Discharge               Conjuration/Air              3
   e - Lightning Bolt                 Conjuration/Air              5
Comestibles
 c - 2 bread rations
 d - 5 meat rations
 h - 2 slices of pizza
 o - 6 chunks of flesh
 t - a beef jerky


   Skills:
 + Level 1.6 Fighting
 + Level 1.7 Armour
 + Level 2.2 Dodging
 - Level 2.0 Stealth
 + Level 2.5 Spellcasting
 * Level 2.7 Conjurations
 * Level 3.9 Air Magic


You had 3 spell levels left.
You knew the following spells:

 Your Spells              Type           Power        Failure   Level  Hunger
a - Shock                 Conj/Air       ##..         6%          1    #......
b - Static Discharge      Conj/Air       ##......     17%         3    ###....
c - Repel Missiles        Chrm/Air       #.....       14%         2    ##.....


Dungeon Overview and Level Annotations

Branches:
Dungeon (3/15)

Altars:


Message History

The ice beast closely misses you.
You aren't carrying any items that can be evoked without being wielded.
Unknown command.
Read which item? (? for menu, Esc to quit)
Okay, then.
You hit the ice beast but do no damage.
The ice beast is almost dead.
The ice beast closely misses you.
You hit the ice beast but do no damage.
The ice beast is almost dead.
The ice beast hits you.
* * * LOW HITPOINT WARNING * * *
The ice beast freezes you. You resist.
* * * LOW HITPOINT WARNING * * *
You hit the ice beast but do no damage.
The ice beast is almost dead.
The ice beast hits you.
* * * LOW HITPOINT WARNING * * *
The ice beast freezes you. You resist.
You die...

#........############
#..................## .
#.................... ?.
#....................
..$######...............
........#...).........##
........#.............#
#...Y.#.............#
##....@#.##..^.......##
#>.....................
#......#.##############
...........%............
.##.#####....#..........
#. #....#.......... #
.....#..........
##..............
..............


You could see an ice beast.

Vanquished Creatures
  An orc priest (D:3)
  2 adders
  4 gnolls (D:2)
  3 oozes
  3 worms (D:2)
  2 giant geckos (D:1)
  4 orcs (D:3)
  3 ball pythons (D:1)
  2 giant cockroaches
  6 hobgoblins
  A quokka (D:3)
  6 bats
  4 giant newts
  6 goblins
  5 kobolds
  8 rats
60 creatures vanquished.

Notes
Turn   | Place    | Note
--------------------------------------------------------------
     0 | D:1      | HEYYEYAAE the Human Air Elementalist began the quest for the Orb.
     0 | D:1      | Reached XP level 1. HP: 13/13 MP: 3/3
   220 | D:1      | Reached XP level 2. HP: 20/20 MP: 1/5
   379 | D:1      | Reached XP level 3. HP: 6/25 MP: 1/6
   384 | D:1      | Learned a level 3 spell: Static Discharge
   387 | D:1      | Learned a level 2 spell: Repel Missiles
   435 | D:1      | Reached skill level 1 in Armour
   695 | D:2      | Reached XP level 4. HP: 26/31 MP: 7/7
   788 | D:2      | Reached skill level 1 in Fighting
  1070 | D:2      | Reached XP level 5. HP: 11/37 MP: 2/8
  1860 | D:3      | Noticed an ice beast
  1877 | D:3      | Slain by an ice beast

Vault maps used:
D:1:      onia_arrival_handbag
D:2:      serial_forest, infiniplex_forest_zigzag_2,
          infiniplex_forest_lined_room_2, infiniplex_forest_clump_long,
          infiniplex_forest_straight_4, infiniplex_forest_lined_ring,
          infiniplex_forest_lined_4_way, infiniplex_forest_pool,
          infiniplex_forest_straight_2, infiniplex_forest_zigzag_1
D:3:      first_bread, uniq_iyjb

Action                   |  1- 3 |  4- 6 || total
-------------------------+-------+-------++-------
Melee: Dagger            |    31 |    36 ||    67
       Halberd           |     5 |    45 ||    50
 Cast: Shock             |    36 |    74 ||   110
       Static Discharge  |       |     1 ||     1
  Use: Potion            |       |     7 ||     7
 Stab: Sleeping          |     1 |     1 ||     2
  Eat: Chunk             |       |     4 ||     4
